[Event "FICS rated lightning game"]
[Site "FICS freechess.org"]
[FICSGamesDBGameNo "20003033"]
[White "mishmash"]
[Black "Doughhead"]
[WhiteElo "1878"]
[BlackElo "1902"]
[WhiteRD "na"]
[BlackRD "na"]
[TimeControl "60+0"]
[Date "1999.10.25"]
[Time "11:54:00"]
[WhiteClock "0:01:00.000"]
[BlackClock "0:01:00.000"]
[ECO "B83"]
[PlyCount "61"]
[Result "1-0"]

1. e4 c5 2. Nf3 e6 3. d4 cxd4 4. Nxd4 Nf6 5. Nc3 d6 6. Be2 Be7 7. O-O O-O 8. f4 Nc6 9. Be3 Bd7 10. Qe1 a6 11. Qg3 b5 12. a3 Qb8 13. Rae1 Nxd4 14. Bxd4 b4 15. axb4 Qxb4 16. Rd1 Bc6 17. e5 Ne4 18. Nxe4 Bxe4 19. Bd3 d5 20. Bxe4 dxe4 21. Rfe1 Rac8 22. c3 Qxb2 23. f5 exf5 24. Rf1 Qe2 25. Rde1 Qh5 26. Rf4 h6 27. Ref1 Bg5 28. Rxf5 Qg6 29. h4 Be7 30. Qe3 Rcd8 31. h5 {Black forfeits on time} 1-0

[Event "FICS rated blitz game"]
[Site "FICS freechess.org"]
[FICSGamesDBGameNo "20003032"]
[White "Satyros"]
[Black "GTom"]
[WhiteElo "1004"]
[BlackElo "1215"]
[WhiteRD "na"]
[BlackRD "na"]
[TimeControl "420+0"]
[Date "1999.10.25"]
[Time "11:53:00"]
[WhiteClock "0:07:00.000"]
[BlackClock "0:07:00.000"]
[ECO "B06"]
[PlyCount "110"]
[Result "0-1"]

1. d4 g6 2. e4 Bg7 3. Nf3 d6 4. Be3 Bg4 5. Be2 Nf6 6. e5 dxe5 7. dxe5 Nfd7 8. e6 fxe6 9. Ng5 Bf5 10. Bg4 Nf6 11. Bxf5 exf5 12. Ne6 Qxd1+ 13. Kxd1 Kf7 14. Nxc7 Nc6 15. Nxa8 Rxa8 16. Nc3 Ne4 17. Nd5 Bxb2 18. Rb1 Nc3+ 19. Kd2 Nxb1+ 20. Rxb1 Rd8 21. c4 Bd4 22. Rxb7 Bxe3+ 23. Kxe3 Re8 24. f4 Kf8 25. Nc7 Rb8 26. Ne6+ Kf7 27. Nc5 Rc8 28. a4 Na5 29. Rb4 Rxc5 30. Kd4 Rc7 31. c5 Nc6+ 32. Kc4 Nxb4 33. Kxb4 Ke6 34. a5 Kd5 35. Kb5 Rxc5+ 36. Ka6 Ke4 37. g3 Kf3 38. Kxa7 Rxa5+ 39. Kb6 Ra2 40. h4 Kxg3 41. Kc7 Re2 42. Kd7 e5 43. fxe5 Rxe5 44. Kd6 Re4 45. Kd5 Kxh4 46. Kd6 g5 47. Kd5 g4 48. Kd6 g3 49. Kd5 g2 50. Kd6 g1=Q 51. Kd5 Qd1+ 52. Kc6 Re2 53. Kc5 Rc2+ 54. Kb5 Qb1+ 55. Ka6 Ra2# {White checkmated} 0-1

[Event "FICS rated blitz game"]
[Site "FICS freechess.org"]
[FICSGamesDBGameNo "20003030"]
[White "Keesie"]
[Black "kajani"]
[WhiteElo "1598"]
[BlackElo "1526"]
[WhiteRD "na"]
[BlackRD "na"]
[TimeControl "180+0"]
[Date "1999.10.25"]
[Time "11:27:00"]
[WhiteClock "0:03:00.000"]
[BlackClock "0:03:00.000"]
[ECO "B22"]
[PlyCount "55"]
[Result "1-0"]

1. e4 c5 2. c3 d6 3. d4 cxd4 4. cxd4 Nf6 5. Nc3 e6 6. Nf3 Be7 7. Bd3 O-O 8. O-O a6 9. e5 Ne8 10. Bc2 Nc6 11. Qd3 g6 12. Bh6 Ng7 13. Ne4 Nb4 14. Qd2 Nxc2 15. Qxc2 dxe5 16. dxe5 Bd7 17. Rfd1 Qc8 18. Qxc8 Bxc8 19. Rac1 Rd8 20. Rxd8+ Bxd8 21. Rd1 Be7 22. Nf6+ Kh8 23. Bxg7+ Kxg7 24. Ne8+ Kf8 25. Nc7 Rb8 26. a3 b5 27. Nd4 Rb7 28. Rc1 {Black resigns} 1-0

[Event "FICS rated blitz game"]
[Site "FICS freechess.org"]
[FICSGamesDBGameNo "20003029"]
[White "chrisbee"]
[Black "Sashka"]
[WhiteElo "1678"]
[BlackElo "1566"]
[WhiteRD "na"]
[BlackRD "na"]
[TimeControl "180+0"]
[Date "1999.10.25"]
[Time "11:25:00"]
[WhiteClock "0:03:00.000"]
[BlackClock "0:03:00.000"]
[ECO "C08"]
[PlyCount "51"]
[Result "1-0"]

1. e4 e6 2. d4 d5 3. Nd2 c5 4. exd5 exd5 5. Ndf3 Nf6 6. Bb5+ Nc6 7. c3 Be7 8. dxc5 Bxc5 9. Ne2 Bg4 10. Ned4 O-O 11. O-O Qb6 12. Bg5 Ne4 13. Bxc6 Nxg5 14. Bxd5 Rad8 15. Qb3 Bxd4 16. Nxg5 Bf6 17. Ne4 Be2 18. Rfe1 Qxb3 19. Bxb3 Bh5 20. Nxf6+ gxf6 21. Re7 Bg6 22. g3 Rd2 23. Rxb7 Rxb2 24. Rxa7 Rd8 25. Re1 Rdd2 26. Ree7 {Black forfeits on time} 1-0

[Event "FICS rated lightning game"]
[Site "FICS freechess.org"]
[FICSGamesDBGameNo "20003028"]
[White "mishmash"]
[Black "seirios"]
[WhiteElo "1859"]
[BlackElo "1844"]
[WhiteRD "na"]
[BlackRD "na"]
[TimeControl "60+0"]
[Date "1999.10.25"]
[Time "11:19:00"]
[WhiteClock "0:01:00.000"]
[BlackClock "0:01:00.000"]
[ECO "B60"]
[PlyCount "45"]
[Result "1-0"]

1. e4 c5 2. Nf3 d6 3. d4 cxd4 4. Nxd4 Nf6 5. Nc3 a6 6. Bg5 Nc6 7. f4 Qb6 8. Nxc6 bxc6 9. e5 Qe3+ 10. Be2 Ng4 11. Bh4 Bf5 12. h3 Rd8 13. Qd2 Qf2+ 14. Bxf2 dxe5 15. Qxd8+ Kxd8 16. Bb6+ Kc8 17. hxg4 Bxc2 18. Kd2 Bg6 19. Bxa6+ Kb8 20. f5 e6 21. fxg6 fxg6 22. Ke3 Bb4 23. Rad1 {Black forfeits on time} 1-0

[Event "FICS rated blitz game"]
[Site "FICS freechess.org"]
[FICSGamesDBGameNo "20003027"]
[White "sonikf"]
[Black "nnb"]
[WhiteElo "1507"]
[BlackElo "1570"]
[WhiteRD "na"]
[BlackRD "na"]
[TimeControl "300+0"]
[Date "1999.10.25"]
[Time "10:57:00"]
[WhiteClock "0:05:00.000"]
[BlackClock "0:05:00.000"]
[ECO "C50"]
[PlyCount "133"]
[Result "1/2-1/2"]

1. e4 e5 2. Nf3 Nc6 3. Bc4 Bc5 4. Nc3 a6 5. d3 h6 6. Be3 Nd4 7. O-O d6 8. Bxd4 exd4 9. Nd5 c6 10. Nf4 Bg4 11. h3 Bxf3 12. Qxf3 Nf6 13. Nh5 O-O 14. Nxf6+ Qxf6 15. Qxf6 gxf6 16. f4 a5 17. a3 b5 18. Ba2 a4 19. g4 Kg7 20. Kf2 Bb6 21. Kf3 Rae8 22. Rae1 Re7 23. Re2 Kg6 24. h4 Rfe8 25. Rg1 d5 26. g5 fxg5 27. hxg5 dxe4+ 28. Rxe4 Rxe4 29. gxh6+ Kxh6 30. dxe4 f6 31. Rh1+ Kg7 32. f5 Rh8 33. Rxh8 Kxh8 34. Be6 c5 35. Bd7 b4 36. Bxa4 Kg7 37. axb4 cxb4 38. Ke2 Kh6 39. Kd3 Kg5 40. Kc4 Kf4 41. Bc6 b3 42. Kxb3 Ke3 43. Kc4 Kd2 44. Ba4 Ke3 45. Kd5 d3 46. cxd3 Kxd3 47. b4 Kc3 48. b5 Kb4 49. Kc6 Bd4 50. Bc2 Ka5 51. Bd3 Be3 52. b6 Bxb6 53. e5 fxe5 54. Kd5 Kb4 55. f6 Bc5 56. Be4 Bf8 57. Kxe5 Kc5 58. Ke6 Kd4 59. Bc6 Kc5 60. Be8 Kd4 61. f7 Ke4 62. Kf6 Kd5 63. Kg6 Kd6 64. Kh7 Ke6 65. Kg8 Bd6 66. f8=Q Bxf8 67. Kxf8 {Neither player has mating material} 1/2-1/2

[Event "FICS rated blitz game"]
[Site "FICS freechess.org"]
[FICSGamesDBGameNo "20003026"]
[White "Harrier"]
[Black "Squeeze"]
[WhiteElo "1317"]
[BlackElo "1159"]
[WhiteRD "na"]
[BlackRD "na"]
[TimeControl "120+12"]
[Date "1999.10.25"]
[Time "10:29:00"]
[WhiteClock "0:02:00.000"]
[BlackClock "0:02:00.000"]
[ECO "C11"]
[PlyCount "92"]
[Result "1-0"]

1. e4 e6 2. d4 d5 3. Nc3 Nf6 4. e5 Nfd7 5. f4 Bb4 6. a3 Bxc3+ 7. bxc3 c5 8. Nf3 c4 9. Be2 O-O 10. O-O f6 11. Bd2 Rf7 12. Be1 fxe5 13. fxe5 Nc6 14. Bh4 Qf8 15. Ng5 Rxf1+ 16. Qxf1 Qxf1+ 17. Rxf1 Nf8 18. Bg4 Bd7 19. Nf7 Ng6 20. Bg5 Rf8 21. Nd6 Rxf1+ 22. Kxf1 b5 23. Nxb5 Ncxe5 24. dxe5 Nxe5 25. Bh3 Bxb5 26. Bxe6+ Kf8 27. Bxd5 Ba4 28. Bf4 Ng6 29. Bd6+ Ke8 30. Bxc4 Bxc2 31. Bb5+ Kf7 32. a4 Ke6 33. Bc5 Kd5 34. Bxa7 Ne5 35. Bd4 Bd3+ 36. Bxd3 Nxd3 37. a5 Kc6 38. a6 g6 39. a7 Kb7 40. Ke2 Nf4+ 41. Kf3 Ne6 42. h4 g5 43. h5 h6 44. g4 Nf4 45. Ke4 Ne6 46. Kf5 Nxd4+ {Black resigns} 1-0

[Event "FICS rated blitz game"]
[Site "FICS freechess.org"]
[FICSGamesDBGameNo "20003024"]
[White "nicos"]
[Black "argowin"]
[WhiteElo "1340"]
[BlackElo "1448"]
[WhiteRD "na"]
[BlackRD "na"]
[TimeControl "180+0"]
[Date "1999.10.25"]
[Time "10:13:00"]
[WhiteClock "0:03:00.000"]
[BlackClock "0:03:00.000"]
[ECO "D30"]
[PlyCount "37"]
[Result "1-0"]

1. d4 d5 2. c4 e6 3. c5 Nf6 4. Bg5 Be7 5. Nc3 O-O 6. e3 h6 7. Bh4 c6 8. b4 a5 9. a3 Nbd7 10. Bd3 b6 11. Nf3 Bb7 12. Rb1 axb4 13. axb4 bxc5 14. bxc5 Ba6 15. Bxa6 Rxa6 16. Qd3 Qa5 17. O-O Bd8 18. Rb2 Qc7 19. Qxa6 {Black resigns} 1-0

[Event "FICS rated standard game"]
[Site "FICS freechess.org"]
[FICSGamesDBGameNo "20003023"]
[White "pires"]
[Black "Edwinn"]
[WhiteElo "1524"]
[BlackElo "1520"]
[WhiteRD "na"]
[BlackRD "na"]
[TimeControl "900+0"]
[Date "1999.10.25"]
[Time "09:37:00"]
[WhiteClock "0:15:00.000"]
[BlackClock "0:15:00.000"]
[ECO "B54"]
[PlyCount "66"]
[Result "1-0"]

1. e4 c5 2. Nf3 d6 3. d4 cxd4 4. Nxd4 Bd7 5. Bc4 Nf6 6. Nc3 g6 7. O-O Bg7 8. Qf3 Nc6 9. Nde2 O-O 10. Ng3 Nd4 11. Qd3 Nc6 12. Be3 Ne5 13. Qe2 Rc8 14. Bd3 Qc7 15. h4 Nxd3 16. cxd3 Qa5 17. Bd4 a6 18. f4 e6 19. a3 Rc6 20. b4 Qc7 21. Rac1 Rc8 22. Qc2 Ng4 23. Nge2 Ne3 24. Bxe3 Bxc3 25. Nxc3 Rxc3 26. Qb2 Rxc1 27. Rxc1 Qd8 28. Rxc8 Qxc8 29. Bd4 Bb5 30. Bh8 e5 31. Bf6 Qe6 32. Bg5 Bxd3 33. fxe5 dxe5 {Black forfeits on time} 1-0

[Event "FICS rated blitz game"]
[Site "FICS freechess.org"]
[FICSGamesDBGameNo "20003022"]
[White "jgknight"]
[Black "Nautiluschess"]
[WhiteElo "1307"]
[BlackElo "1256"]
[WhiteRD "na"]
[BlackRD "na"]
[TimeControl "120+12"]
[Date "1999.10.25"]
[Time "09:28:00"]
[WhiteClock "0:02:00.000"]
[BlackClock "0:02:00.000"]
[ECO "C46"]
[PlyCount "45"]
[Result "1-0"]

1. e4 e5 2. Nf3 Nc6 3. Nc3 g6 4. Bc4 Bg7 5. d3 Nge7 6. Ng5 Rf8 7. Nxh7 Rh8 8. Ng5 d5 9. exd5 Nxd5 10. Bxd5 Nd4 11. Nxf7 Qf6 12. Nxh8 Bf5 13. Bxb7 Rd8 14. Nd5 Qd6 15. c4 Bxh8 16. Be3 Rb8 17. Bxd4 exd4 18. Qe2+ Kd7 19. Ba6 Re8 20. Bb5+ c6 21. Bxc6+ Kxc6 22. Qxe8+ Kc5 23. Qb5# {Black checkmated} 1-0

[Event "FICS rated standard game"]
[Site "FICS freechess.org"]
[FICSGamesDBGameNo "20003021"]
[White "Wortley"]
[Black "ashtar"]
[WhiteElo "1382"]
[BlackElo "1845"]
[WhiteRD "na"]
[BlackRD "na"]
[TimeControl "900+0"]
[Date "1999.10.25"]
[Time "09:09:00"]
[WhiteClock "0:15:00.000"]
[BlackClock "0:15:00.000"]
[ECO "C02"]
[PlyCount "112"]
[Result "0-1"]

1. e4 e6 2. d4 d5 3. e5 c5 4. dxc5 Bxc5 5. Nf3 Ne7 6. Nc3 Nbc6 7. Be2 Ng6 8. O-O Ncxe5 9. Nxe5 Nxe5 10. Bf4 Ng6 11. Bg3 O-O 12. Bd3 b6 13. a3 Bb7 14. b4 Bd6 15. Bxg6 fxg6 16. Nb5 Bxg3 17. fxg3 Rxf1+ 18. Qxf1 Ba6 19. a4 Qd7 20. Rd1 Rc8 21. c4 Rf8 22. Qe2 Bxb5 23. axb5 Qd6 24. cxd5 exd5 25. Qa2 Qxb4 26. Qxd5+ Rf7 27. Rf1 Qf8 28. Ra1 Qc5+ 29. Qxc5 bxc5 30. Rc1 Rc7 31. Kf2 Kf7 32. Ke3 Ke6 33. Ke4 Kd6 34. Kd3 c4+ 35. Rxc4 Rb7 36. Rc6+ Kd5 37. Rc4 Rxb5 38. Rd4+ Ke6 39. Rc4 a5 40. Kc3 Kd5 41. Ra4 g5 42. g4 g6 43. g3 h5 44. gxh5 gxh5 45. h4 g4 46. Kd3 Rb3+ 47. Kc2 Rb5 48. Kc3 Kc6 49. Rc4+ Rc5 50. Rxc5+ Kxc5 51. Kb3 Kd4 52. Ka4 Ke3 53. Kxa5 Kf3 54. Kb5 Kxg3 55. Kc4 Kf3 56. Kd3 g3 {White resigns} 0-1

[Event "FICS rated blitz game"]
[Site "FICS freechess.org"]
[FICSGamesDBGameNo "20003020"]
[White "Marcelo"]
[Black "SJken"]
[WhiteElo "1533"]
[BlackElo "1482"]
[WhiteRD "na"]
[BlackRD "na"]
[TimeControl "120+5"]
[Date "1999.10.25"]
[Time "09:03:00"]
[WhiteClock "0:02:00.000"]
[BlackClock "0:02:00.000"]
[ECO "C45"]
[PlyCount "49"]
[Result "1-0"]

1. e4 e5 2. Nf3 Nc6 3. d4 exd4 4. Nxd4 d6 5. Bc4 Nf6 6. O-O Be7 7. Nc3 O-O 8. Bg5 Nxe4 9. Nxc6 bxc6 10. Bxe7 Qxe7 11. Qe2 d5 12. Nxe4 dxc4 13. Qxc4 Be6 14. Qxc6 Rfd8 15. Ng3 Bd5 16. Qc3 Qg5 17. b3 h5 18. f3 Re8 19. Rfe1 h4 20. Ne4 Qg6 21. Qd4 Rad8 22. Nd2 Bxf3 23. Rxe8+ Rxe8 24. Nxf3 h3 25. Qf2 {Black forfeits on time} 1-0

[Event "FICS rated blitz game"]
[Site "FICS freechess.org"]
[FICSGamesDBGameNo "20003019"]
[White "nioccor"]
[Black "eurander"]
[WhiteElo "1461"]
[BlackElo "1694"]
[WhiteRD "na"]
[BlackRD "na"]
[TimeControl "180+0"]
[Date "1999.10.25"]
[Time "09:00:00"]
[WhiteClock "0:03:00.000"]
[BlackClock "0:03:00.000"]
[ECO "B12"]
[PlyCount "109"]
[Result "1-0"]

1. e4 c6 2. d4 d5 3. e5 Bf5 4. Bd3 Bxd3 5. Qxd3 e6 6. Nf3 Qa5+ 7. c3 Qa6 8. Qxa6 Nxa6 9. Nbd2 Ne7 10. Nb3 c5 11. O-O Nc6 12. Be3 cxd4 13. Nfxd4 Nxd4 14. cxd4 Be7 15. f4 O-O 16. f5 Rac8 17. Rac1 Rxc1 18. Nxc1 Nb4 19. a3 Nc6 20. fxe6 fxe6 21. Rxf8+ Bxf8 22. Nd3 b6 23. Nf4 Kf7 24. Kf2 Na5 25. Ke2 Nc4 26. Bc1 Be7 27. Kd3 Bg5 28. g3 a5 29. b3 b5 30. bxc4 bxc4+ 31. Ke3 Be7 32. a4 Bb4 33. Bd2 Ke7 34. Bxb4+ axb4 35. Kd2 Kd7 36. Kc2 h6 37. Nh5 g5 38. Nf6+ Kc6 39. Ng4 Kb6 40. Nxh6 Ka5 41. Nf7 Kxa4 42. Nxg5 b3+ 43. Kb2 Kb4 44. Nf3 c3+ 45. Kc1 Ka3 46. Ne1 b2+ 47. Kb1 Kb3 48. h4 Kc4 49. h5 Kxd4 50. h6 Kxe5 51. h7 Ke4 52. h8=Q Ke3 53. Qxc3+ Ke2 54. Qxb2+ Kxe1 55. Ka2 {Black resigns} 1-0

[Event "FICS rated blitz game"]
[Site "FICS freechess.org"]
[FICSGamesDBGameNo "20003017"]
[White "pavlik"]
[Black "iscarion"]
[WhiteElo "1961"]
[BlackElo "1824"]
[WhiteRD "na"]
[BlackRD "na"]
[TimeControl "180+0"]
[Date "1999.10.25"]
[Time "03:41:00"]
[WhiteClock "0:03:00.000"]
[BlackClock "0:03:00.000"]
[ECO "B33"]
[PlyCount "61"]
[Result "1-0"]

1. e4 c5 2. Nf3 Nc6 3. d4 cxd4 4. Nxd4 Nf6 5. Nc3 e5 6. Ndb5 d6 7. Nd5 Nxd5 8. exd5 Nb8 9. c4 a6 10. Nc3 Be7 11. Be2 O-O 12. O-O f5 13. f4 Nd7 14. g3 Bf6 15. Be3 Rb8 16. Rc1 Qc7 17. b4 b6 18. Qb3 Qb7 19. a4 Kh8 20. Qc2 e4 21. Qd2 h6 22. Bd4 Qc7 23. Qe3 Bxd4 24. Qxd4 Nf6 25. Nd1 Qe7 26. Ne3 Bd7 27. Ra1 Ne8 28. a5 b5 29. c5 dxc5 30. bxc5 b4 31. c6 {Black resigns} 1-0

[Event "FICS rated blitz game"]
[Site "FICS freechess.org"]
[FICSGamesDBGameNo "20003016"]
[White "TheElusive"]
[Black "chauncy"]
[WhiteElo "1674"]
[BlackElo "1744"]
[WhiteRD "na"]
[BlackRD "na"]
[TimeControl "180+0"]
[Date "1999.10.24"]
[Time "23:52:00"]
[WhiteClock "0:03:00.000"]
[BlackClock "0:03:00.000"]
[ECO "B10"]
[PlyCount "76"]
[Result "0-1"]

1. e4 c6 2. Nc3 d5 3. Nf3 d4 4. Ne2 c5 5. Ng3 Bg4 6. h3 Bxf3 7. Qxf3 Nd7 8. Bb5 a6 9. Bxd7+ Qxd7 10. d3 g6 11. O-O Bg7 12. Re1 e5 13. c3 Ne7 14. c4 O-O 15. h4 f5 16. h5 f4 17. hxg6 fxg3 18. gxh7+ Kh8 19. Qxg3 Rf6 20. f4 Rg6 21. Qh4 exf4 22. Bxf4 Rg4 23. Qh3 Rd8 24. Rf1 Ng6 25. Bh6 Bxh6 26. Qxh6 Qxh7 27. Qxh7+ Kxh7 28. Rf7+ Kh6 29. Rxb7 Nf4 30. Rb6+ Kh5 31. g3 Rxg3+ 32. Kf2 Rg2+ 33. Kf3 Kg5 34. Rh1 Rg8 35. Rhh6 Rg1 36. Rhc6 Nxd3 37. Rd6 Ne5+ 38. Kf2 Kf4 {White resigns} 0-1

[Event "FICS rated blitz game"]
[Site "FICS freechess.org"]
[FICSGamesDBGameNo "20003015"]
[White "SpareUs"]
[Black "Lomboc"]
[WhiteElo "1579"]
[BlackElo "1828"]
[WhiteRD "na"]
[BlackRD "na"]
[TimeControl "180+0"]
[Date "1999.10.24"]
[Time "23:33:00"]
[WhiteClock "0:03:00.000"]
[BlackClock "0:03:00.000"]
[ECO "A04"]
[PlyCount "122"]
[Result "0-1"]

1. Nf3 f5 2. g3 Nf6 3. Bg2 c6 4. d3 Qc7 5. O-O e5 6. Nbd2 Be7 7. e4 d5 8. exf5 Bxf5 9. Qe2 Nbd7 10. b3 O-O 11. Bb2 Bd6 12. Nh4 Bg4 13. f3 Bh5 14. Nf5 e4 15. Nxd6 Qxd6 16. dxe4 dxe4 17. g4 Bg6 18. fxe4 Nxg4 19. Qxg4 Qxd2 20. Rad1 Qxc2 21. Bxg7 Rxf1+ 22. Rxf1 Qc5+ 23. Kh1 Ne5 24. Bxe5 Qxe5 25. Qd7 Bxe4 26. Qxb7 Bxg2+ 27. Kxg2 Qd5+ 28. Kg1 Qc5+ 29. Kg2 Qc2+ 30. Rf2 Qg6+ 31. Kf1 Rd8 32. Rg2 Rf8+ 33. Kg1 Rf7 34. Rxg6+ hxg6 35. Qxc6 Kg7 36. a4 Rf6 37. Qd7+ Rf7 38. Qxf7+ Kxf7 39. b4 Ke6 40. b5 Kd5 41. Kg2 Kc5 42. Kg3 Kb4 43. Kg4 Kxa4 44. Kg5 Kxb5 45. Kxg6 a5 46. h4 a4 47. h5 a3 48. h6 a2 49. h7 a1=Q 50. h8=Q Qxh8 51. Kf7 Qh7+ 52. Ke6 Kc6 53. Ke5 Qe7+ 54. Kd4 Qd6+ 55. Kc4 Qd5+ 56. Kc3 Qc5+ 57. Kb3 Kd5 58. Ka4 Qb6 59. Ka3 Kc4 60. Ka2 Kc3 61. Ka1 Qb2# {White checkmated} 0-1

[Event "FICS rated lightning game"]
[Site "FICS freechess.org"]
[FICSGamesDBGameNo "20003013"]
[White "theprof"]
[Black "LuisMaster"]
[WhiteElo "1492"]
[BlackElo "1233"]
[WhiteRD "na"]
[BlackRD "na"]
[TimeControl "60+0"]
[Date "1999.10.24"]
[Time "21:59:00"]
[WhiteClock "0:01:00.000"]
[BlackClock "0:01:00.000"]
[ECO "C68"]
[PlyCount "47"]
[Result "1-0"]

1. e4 e5 2. Nf3 Nc6 3. Bb5 a6 4. Bxc6 dxc6 5. d3 Bd6 6. Nc3 Nf6 7. Bg5 Bg4 8. h3 Bxf3 9. Qxf3 Be7 10. Qg3 Qd6 11. Ne2 O-O-O 12. O-O g6 13. Qh4 h5 14. Nc3 b5 15. Ne2 Rhf8 16. Nc3 b4 17. Ne2 Rde8 18. Nc1 Nd7 19. Bxe7 Qxe7 20. Qxe7 Rxe7 21. Ne2 f5 22. Ng3 Rff7 23. exf5 gxf5 24. Ne2 {Black forfeits on time} 1-0

[Event "FICS rated blitz game"]
[Site "FICS freechess.org"]
[FICSGamesDBGameNo "20003012"]
[White "Chamaco"]
[Black "jock"]
[WhiteElo "1852"]
[BlackElo "1905"]
[WhiteRD "na"]
[BlackRD "na"]
[TimeControl "180+0"]
[Date "1999.10.24"]
[Time "20:48:00"]
[WhiteClock "0:03:00.000"]
[BlackClock "0:03:00.000"]
[ECO "A30"]
[PlyCount "103"]
[Result "1-0"]

1. c4 c5 2. g3 Nf6 3. Bg2 g6 4. Nc3 Bg7 5. Nf3 O-O 6. O-O d6 7. a3 Bg4 8. Rb1 Nc6 9. b4 Qc7 10. bxc5 dxc5 11. h3 Bxf3 12. Bxf3 a6 13. Nd5 Nxd5 14. cxd5 Nd4 15. Bg2 b5 16. e3 Nf5 17. Qg4 Nd6 18. f4 Rad8 19. Qe2 Nc4 20. d3 Nb6 21. e4 Bd4+ 22. Kh2 e6 23. f5 exd5 24. f6 Rd6 25. Bf4 Qd7 26. Bxd6 Qxd6 27. Qf3 Nd7 28. Qf4 Be5 29. Qh4 Bxf6 30. Qg4 Ne5 31. Qe2 dxe4 32. dxe4 Nc4 33. Rbd1 Qc7 34. Rxf6 Qe5 35. Rdf1 Re8 36. Rxf7 Nd6 37. Ra7 Nxe4 38. Bxe4 Qxe4 39. Qxe4 Rxe4 40. Rff7 Re2+ 41. Kg1 c4 42. Rg7+ Kf8 43. Rxh7 Kg8 44. Rhc7 Re8 45. Rxa6 Rb8 46. Rxg6+ Kf8 47. Rh6 Kg8 48. Rhh7 Ra8 49. Rhd7 Kf8 50. Rd5 Ke8 51. Rxb5 Rd8 52. Rbb7 {Black resigns} 1-0

[Event "FICS rated blitz game"]
[Site "FICS freechess.org"]
[FICSGamesDBGameNo "20003011"]
[White "vek"]
[Black "ranger"]
[WhiteElo "1548"]
[BlackElo "1512"]
[WhiteRD "na"]
[BlackRD "na"]
[TimeControl "180+0"]
[Date "1999.10.24"]
[Time "20:29:00"]
[WhiteClock "0:03:00.000"]
[BlackClock "0:03:00.000"]
[ECO "C84"]
[PlyCount "66"]
[Result "0-1"]

1. e4 e5 2. Nf3 Nc6 3. Bb5 a6 4. Ba4 Nf6 5. O-O b5 6. Bb3 Be7 7. d3 O-O 8. c3 h6 9. Be3 Re8 10. Nbd2 Bb7 11. d4 exd4 12. cxd4 Nb4 13. e5 Nfd5 14. a3 Nxe3 15. fxe3 Nd3 16. e4 c5 17. d5 c4 18. Bc2 Nc5 19. Qe2 Bg5 20. Nxg5 Qxg5 21. Nf3 Qg6 22. Rad1 d6 23. exd6 Qxd6 24. Nh4 Bxd5 25. Rxd5 Qxd5 26. exd5 Rxe2 27. Nf5 Rxc2 28. d6 Rxb2 29. Rf3 Nd3 30. d7 Rb1+ 31. Rf1 Rxf1+ 32. Kxf1 Kf8 33. Ke2 Ne5 {White forfeits on time} 0-1

[Event "FICS rated blitz game"]
[Site "FICS freechess.org"]
[FICSGamesDBGameNo "20003010"]
[White "rifki"]
[Black "bdiller"]
[WhiteElo "1784"]
[BlackElo "1735"]
[WhiteRD "na"]
[BlackRD "na"]
[TimeControl "180+0"]
[Date "1999.10.24"]
[Time "19:35:00"]
[WhiteClock "0:03:00.000"]
[BlackClock "0:03:00.000"]
[ECO "C01"]
[PlyCount "79"]
[Result "1-0"]

1. e4 e6 2. Nf3 d5 3. exd5 exd5 4. d4 Bd6 5. Bd3 Ne7 6. O-O Nbc6 7. c3 O-O 8. Re1 Bg4 9. Bg5 f6 10. Bh4 Qd7 11. Nbd2 Rae8 12. Qc2 Bf5 13. Bg3 Bxg3 14. hxg3 a6 15. Re3 Bxd3 16. Qxd3 Nf5 17. Rxe8 Rxe8 18. Re1 Rxe1+ 19. Nxe1 Qe6 20. Nef3 Nd6 21. Qe3 Ne4 22. Nxe4 dxe4 23. Nd2 f5 24. f3 Qxa2 25. b3 Qa1+ 26. Kh2 h6 27. fxe4 fxe4 28. Nxe4 Qb1 29. Nc5 Qg6 30. Qe6+ Qxe6 31. Nxe6 Na5 32. b4 Nc4 33. Nxc7 Ne3 34. d5 Kf7 35. d6 Nd1 36. c4 Nb2 37. c5 Nd3 38. b5 axb5 39. Nxb5 Nxc5 40. g4 {Black forfeits on time} 1-0

[Event "FICS rated blitz game"]
[Site "FICS freechess.org"]
[FICSGamesDBGameNo "20003009"]
[White "Opin"]
[Black "rifki"]
[WhiteElo "1630"]
[BlackElo "1764"]
[WhiteRD "na"]
[BlackRD "na"]
[TimeControl "300+0"]
[Date "1999.10.24"]
[Time "18:32:00"]
[WhiteClock "0:05:00.000"]
[BlackClock "0:05:00.000"]
[ECO "B32"]
[PlyCount "87"]
[Result "1-0"]

1. e4 c5 2. Nf3 Nc6 3. d4 cxd4 4. Nxd4 e5 5. Nb3 h6 6. Nc3 Nf6 7. Nd5 Nxe4 8. Qf3 Ng5 9. Bxg5 hxg5 10. Bc4 f6 11. O-O-O a6 12. a4 Rb8 13. a5 Nxa5 14. Nxa5 Qxa5 15. b4 Qa1+ 16. Kd2 Qd4+ 17. Qd3 Qxd3+ 18. Kxd3 d6 19. Rhe1 b5 20. Bb3 Bf5+ 21. Kd2 Rxh2 22. Nc7+ Kd7 23. Nxa6 Rc8 24. Kc1 Rxg2 25. Nc5+ Ke7 26. Nb7 Rxf2 27. Nxd6 Rcxc2+ 28. Bxc2 Rxc2+ 29. Kb1 Rd2+ 30. Nxf5+ Ke6 31. Nxg7+ Bxg7 32. Rxd2 g4 33. Rc2 Bh6 34. Rc5 Bf4 35. Rxb5 g3 36. Rb6+ Kf5 37. Rc6 Be3 38. Rxe3 Kf4 39. Re1 e4 40. Rxf6+ Kg4 41. Rg6+ Kf3 42. Rxg3+ Kxg3 43. Rxe4 Kf3 44. Re8 {Black resigns} 1-0

[Event "FICS rated lightning game"]
[Site "FICS freechess.org"]
[FICSGamesDBGameNo "20003008"]
[White "KaroKannDoch"]
[Black "France"]
[WhiteElo "1728"]
[BlackElo "1676"]
[WhiteRD "na"]
[BlackRD "na"]
[TimeControl "60+0"]
[Date "1999.10.24"]
[Time "18:03:00"]
[WhiteClock "0:01:00.000"]
[BlackClock "0:01:00.000"]
[ECO "A45"]
[PlyCount "65"]
[Result "1-0"]

1. d4 Nf6 2. c3 g6 3. Bf4 Bg7 4. e3 O-O 5. h3 b6 6. Bh2 Bb7 7. Nf3 d5 8. Be2 Nbd7 9. O-O Re8 10. Nbd2 a5 11. Ne5 c6 12. Rc1 Nxe5 13. Bxe5 Nd7 14. Bxg7 Kxg7 15. e4 dxe4 16. Nxe4 e5 17. dxe5 Nxe5 18. Qc2 Qh4 19. c4 c5 20. f3 f5 21. Nd6 Re7 22. Nxb7 Rxb7 23. Qc3 Re7 24. f4 Rae8 25. fxe5 Rxe5 26. Bf3 Qd4+ 27. Qxd4 cxd4 28. Kf2 d3 29. Rcd1 Rd8 30. Rd2 Rc5 31. Bd5 b5 32. b3 bxc4 33. bxc4 {Black forfeits on time} 1-0

[Event "FICS rated blitz game"]
[Site "FICS freechess.org"]
[FICSGamesDBGameNo "20003007"]
[White "diegostein"]
[Black "pacha"]
[WhiteElo "1720"]
[BlackElo "1911"]
[WhiteRD "na"]
[BlackRD "na"]
[TimeControl "180+0"]
[Date "1999.10.24"]
[Time "17:57:00"]
[WhiteClock "0:03:00.000"]
[BlackClock "0:03:00.000"]
[ECO "D00"]
[PlyCount "84"]
[Result "0-1"]

1. e4 d5 2. d4 dxe4 3. f3 Bf5 4. Nc3 Bg6 5. fxe4 e5 6. d5 Bb4 7. Nf3 Bxe4 8. Nxe5 Qxd5 9. Qxd5 Bxd5 10. Bd2 Be6 11. O-O-O Nf6 12. g4 Nbd7 13. Nd3 Bd6 14. g5 Nd5 15. Ne4 Be7 16. c4 N5b6 17. h4 Nxc4 18. Bc3 O-O 19. Nf4 Nd6 20. Nf6+ Bxf6 21. gxf6 Nxf6 22. Bxf6 gxf6 23. Bd3 Bf5 24. Bc4 Nxc4 25. Nh5 Bg6 26. Nxf6+ Kg7 27. Rdf1 Ne3 28. Rf2 Nf5 29. h5 Kxf6 30. hxg6 hxg6 31. Rd1 Rad8 32. Rdf1 Rd5 33. Kb1 Rfd8 34. Kc2 Kg7 35. Re1 Rc5+ 36. Kb3 Rd3+ 37. Ka4 Rd4+ 38. b4 Rcc4 39. a3 Nd6 40. Re7 Rc3 41. Rf1 b5+ 42. Ka5 Rxa3# {White checkmated} 0-1